Map: Proxima Station LE

Players

Pokebunny

  • Race: Terran Terran
  • Spawn Location: 7:00

Bails - Winner!

  • Race: Protoss Protoss
  • Spawn Location: 1:00

Event: WCS Austin 2017

VOD

Have the link to the VOD?

Description

Time

  • Played on: April 28, 2017, 5:21 p.m.
  • Length: 9:09

All games in this series

Show
View Real Time Build Order
Export as new Build Order

Pokebunny Terran 

Build Orders: Reaper Expand, MMM Bio 

Get SALT Encoding   

  12  0:01  SCV  
  13  0:13  SCV  
  14  0:18  Supply Depot  
  14  0:25  SCV  
  15  0:29  Refinery  
  15  0:40  SCV  
  16  0:44  Barracks  
  16  0:52  SCV  
  18  1:04  SCV  
  18  1:16  SCV  
  19  1:31  Reaper, Orbital Command  
  20  1:43  Command Center  
  20  1:54  Factory  
  20  1:57  SCV  
  21  2:03  Refinery  
  21  2:06  Barracks Reactor  
  21  2:09  SCV  
  22  2:15  Supply Depot  
  22  2:21  SCV  
  23  2:39  Starport  
  23  2:40  SCV  
  23  2:43  Factory Tech Lab  
  24  2:44  Marine x2  
  26  2:52  SCV  
  26  2:57  Supply Depot  
  26  2:58  Orbital Command  
  27  3:02  Marine  
  27  3:03  Marine  
  29  3:12  SCV  
  29  3:21  Factory Tech Lab  
  29  3:22  Barracks  
  29  3:27  Marine x2  
  30  3:39  SCV  
  29  3:44  Marine  
  29  3:45  Marine  
  29  3:47  Siege Tank, SCV  
  34  3:50  Raven  
  36  3:59  SCV  
  36  4:00  SCV  
  38  4:03  Supply Depot  
  38  4:12  Marine x3, SCV x2  
  43  4:17  Barracks  
  43  4:23  Siege Tank  
  46  4:29  Supply Depot  
  46  4:30  Marine  
  47  4:31  Marine  
  47  4:37  SCV  
  47  4:38  SCV  
  50  4:43  Liberator, Marine, Stimpack  
  51  4:49  Marine x2  
  51  4:51  SCV x2  
  55  4:57  Supply Depot  
  55  5:06  Marine x2  
  60  5:08  Marine x2  
  62  5:18  Supply Depot  
  62  5:19  SCV x2  
  64  5:23  Siege Tank  
  64  5:26  Refinery  
  64  5:28  Marine x2  
  69  5:29  Marine  
  70  5:36  Marine  
  70  5:37  Supply Depot  
  65  5:52  Marine  
  65  5:53  Marine  
  65  5:58  Starport Reactor  
  65  5:59  SCV  
  65  6:00  SCV  
  65  6:01  Barracks  
  65  6:03  Barracks  
  67  6:05  Factory Reactor  
  67  6:08  Bunker  
  67  6:09  Marauder x2  
  66  6:23  SCV x2  
  66  6:24  Marine x2  
  66  6:25  Combat Shields  
  67  6:30  Marauder  
  67  6:32  Engineering Bay  
  69  6:33  Factory Tech Lab  
  69  6:34  Marauder  
  63  6:48  SCV x2  
  63  6:50  Marine x2  
  63  6:51  Barracks Reactor, Barracks Tech Lab  
  67  6:55  Medivac x2  
  67  7:01  Terran Infantry Weapons Level 1, Marine x2  
  71  7:05  SCV x2  
  75  7:08  Supply Depot  
  75  7:09  Refinery, Marine x2  
  75  7:11  Marine  
  78  7:15  Siege Tank  
  81  7:25  Marauder  
  81  7:26  Marauder  
  81  7:28  Supply Depot  
  85  7:30  Supply Depot  
  85  7:33  Marine x3  
  85  7:34  Marine  
  89  7:40  Marauder  
  89  7:42  SCV x2  
  93  7:49  Medivac  
  95  7:52  Siege Tank  
  98  8:01  Supply Depot  
  98  8:05  Liberator x2  
  97  8:10  Marauder, Marine x2  
  97  8:11  Marauder  
  86  8:14  Marine x2  
  86  8:15  Marauder  
  95  8:30  Supply Depot  
  95  8:40  Marine x4  
  105  8:41  Marauder x3  
Show
View Real Time Build Order
Export as new Build Order

Bails Protoss - Winner!

Build Orders: Blink Stalkers 

Get SALT Encoding   

  12  0:00  Probe (Chrono Boost)  
  13  0:11  Probe (Chrono Boost)  
  14  0:17  Pylon  
  14  0:22  Probe (Chrono Boost)  
  15  0:35  Probe (Chrono Boost)  
  16  0:36  Gateway  
  16  0:45  Probe (Chrono Boost)  
  16  0:47  Assimilator  
  17  0:56  Probe (Chrono Boost)  
  18  1:07  Probe (Chrono Boost)  
  19  1:13  Pylon  
  19  1:17  Probe (Chrono Boost)  
  20  1:22  Cybernetics Core  
  20  1:28  Probe (Chrono Boost)  
  21  1:47  Nexus  
  21  1:59  Mothership Core (Chrono Boost), Adept  
  25  2:05  Assimilator  
  25  2:14  Warp Gate  
  25  2:16  Pylon  
  25  2:19  Probe (Chrono Boost)  
  25  2:22  Adept  
  28  2:33  Probe (Chrono Boost)  
  30  2:45  Probe (Chrono Boost)  
  30  2:54  Pylon  
  30  2:55  Stalker  
  30  2:57  Probe (Chrono Boost)  
  31  3:00  Probe (Chrono Boost)  
  34  3:09  Probe (Chrono Boost)  
  34  3:11  Twilight Council  
  34  3:14  Probe (Chrono Boost)  
  35  3:22  Probe (Chrono Boost)  
  36  3:29  Robotics Facility  
  36  3:31  Probe (Chrono Boost)  
  37  3:39  Probe (Chrono Boost)  
  36  3:47  Blink, Gateway  
  36  3:48  Gateway  
  37  3:57  Probe (Chrono Boost)  
  37  4:00  Probe (Chrono Boost)  
  38  4:09  Probe (Chrono Boost)  
  39  4:11  Probe (Chrono Boost)  
  39  4:12  Pylon  
  39  4:16  Observer  
  41  4:18  Stalker  
  41  4:21  Probe x2 (Chrono Boost)  
  45  4:32  Assimilator, Probe (Chrono Boost)  
  45  4:33  Probe (Chrono Boost)  
  45  4:34  Observer  
  45  4:35  Assimilator  
  48  4:40  Pylon  
  48  4:42  Probe (Chrono Boost)  
  48  4:44  Stalker  
  51  4:47  Stalker  
  51  4:52  Probe (Chrono Boost), Pylon  
  54  4:55  Probe (Chrono Boost)  
  55  5:06  Probe (Chrono Boost)  
  57  5:13  Stalker, Robotics Bay  
  59  5:17  Stalker  
  59  5:18  Adept  
  63  5:22  Immortal  
  66  5:39  Probe (Chrono Boost)  
  59  5:53  Stalker x3  
  59  5:56  Immortal  
  65  5:59  Pylon  
  69  6:04  Pylon  
  69  6:18  Resonating Glaives  
  65  6:20  Stalker  
  65  6:21  Stalker x2  
  69  6:27  Gateway  
  69  6:28  Gateway  
  69  6:32  Immortal  
  69  6:50  Sentry, Adept x2  
  69  6:53  Pylon  
  75  6:57  Gateway  
  75  7:07  Warp Prism  
  75  7:08  Probe (Chrono Boost)  
  76  7:15  Sentry x2  
  82  7:23  Forge  
  82  7:29  Nexus  
  82  7:38  Pylon  
  82  7:39  Pylon  
  82  7:40  Sentry x2  
  82  7:41  Disruptor  
  89  7:57  Adept x3  
  79  8:13  Disruptor, Adept x2  
  86  8:23  Adept  
  86  8:24  Probe x2 (Chrono Boost), Adept x2  
  94  8:33  Pylon  
  94  8:37  Pylon  
  94  8:41  Adept x2  
  93  8:44  Probe (Chrono Boost)  
  93  8:45  Sentry  
  100  8:57  Probe (Chrono Boost)  
  100  8:59  Adept  
  100  9:00  Adept x2  
Tags
 
Add a new tag
Caveats
  • Supply blocks, unpowered buildings, or Contaminate may cause inaccurate times.
  • Supply counts are checked every 10 seconds.